[Event "Team 45 45 League T52"]
[Site "Internet Chess Club"]
[Date "2012.02.26"]
[Round "2"]
[White "Duguesclin"]
[Black "b-spot"]
[Result "1-0"]
[WhiteElo "1573"]
[BlackElo "1681"]
[Opening "QGD: Tartakower (Makagonov-Bondarevsky) system"]
[ECO "D58"]
[Time "08:15:10"]
[TimeControl "2700+45"]

1. d4 Nf6 2. c4 e6 3. Nf3 b6 4. Bg5 Be7 5. Nc3 O-O 6. e3 h6 7. Bh4 d5 8. Bd3 Bb7
9. O-O Nbd7 10. Rc1 c5 11. cxd5 exd5 12. dxc5 bxc5 13. Be2 a6 14. Qa4 Qb6 15. b3
Rfd8 16. Rfd1 Rac8 17. Qa3 Qa7 18. Qb2 Nf8 19. Ne5 N8d7 20. Nxd7 Rxd7 21. Bxf6
Bxf6 22. Bg4 Ba8 23. Bxd7 Qxd7 24. Qa3 Qg4 25. Nxd5 Kh8 26. f3 Qe6 27. Rxc5 Bxd5
28. Rxc8+ Qxc8 29. Rxd5 Qc2 30. Qxa6 Qc1+ 31. Kf2 Bc3 32. Rd8+ Kh7 33. Qd3+ g6
34. Qd1 Qb2+ 35. Qe2 Qc1 36. Rd1 Qa3 37. Qc4 Qxa2+ 38. Kg3 {Black resigns} 1-0

[Event "Team 45 45 League T52"]
[Site "Internet Chess Club"]
[Date "2012.02.27"]
[Round "2"]
[White "Signalman"]
[Black "powerchess1"]
[Result "1-0"]
[WhiteElo "1549"]
[BlackElo "1618"]
[Opening "French: Réti (Spielmann) variation"]
[ECO "C00"]
[Time "13:32:24"]
[TimeControl "2700+45"]

1. e4 e6 2. b3 d5 3. Bb2 Nf6 4. e5 Nfd7 5. Qg4 c5 6. f4 Nc6 7. Nf3 g6 8. Be2 Bg7
9. Nc3 a6 10. O-O O-O 11. a4 Qe7 12. a5 f6 13. Qh4 fxe5 14. Qxe7 Nxe7 15. Ng5
Rf6 16. fxe5 Rxf1+ 17. Rxf1 Nxe5 18. Na4 Nf5 19. Nxc5 Nf3+ 20. Bxf3 Bxb2 21.
Ncxe6 Nd4 22. Bxd5 Nxe6 23. Nxe6 Bxe6 24. Bxe6+ Kg7 25. Rf7+ Kh6 26. Rxb7 Re8
27. Bc4 Re5 28. b4 Rf5 29. Bxa6 Bd4+ 30. Kh1 Rf2 31. g3 Rxd2 32. Bd3 Rd1+ 33.
Kg2 Bc3 34. a6 Ra1 35. b5 Bd4 36. b6 Rg1+ 37. Kf3 Ra1 38. Ke4 Ra4 39. Bb5 Rb4
40. c4 Bg1 41. a7 {Black resigns} 1-0

[Event "Team 45 45 League T52"]
[Site "Internet Chess Club"]
[Date "2012.02.26"]
[Round "2"]
[White "sdcohle"]
[Black "werty"]
[Result "1/2-1/2"]
[WhiteElo "1391"]
[BlackElo "1505"]
[Opening "QGD semi-Slav: 5.e3"]
[ECO "D45"]
[Time "15:02:52"]
[TimeControl "2700+45"]

1. d4 e6 2. c4 c6 3. Nf3 d5 4. e3 Nf6 5. Nc3 g6 6. Bd3 Bg7 7. O-O O-O 8. b3 Nbd7
9. Re1 Re8 10. e4 dxe4 11. Nxe4 Nxe4 12. Bxe4 c5 13. Bb2 f5 14. Bc2 b6 15. Rb1
Bb7 16. dxc5 Nxc5 17. Bxg7 Kxg7 18. Qe2 Bxf3 19. Qxf3 e5 20. b4 Na6 21. Qb7+ Nc7
22. Red1 Qe7 23. Qf3 e4 24. Qc3+ Kg8 25. Bb3 Qe5 26. c5+ Kf8 27. Qc4 Ne6 28. Rd6
Kf7 29. Rbd1 Re7 30. cxb6 axb6 31. Rxb6 Rae8 32. a4 e3 33. Qe2 exf2+ 34. Qxf2
Kg7 35. Re1 Qf6 36. Bxe6 Rxe6 37. Rbxe6 Rxe6 38. Rxe6 Qxe6 39. Qb2+ Kh6 40. Qd2+
Kg7 41. h3 Qb3 42. Qd4+ Kh6 43. a5 Qc2 44. Kh2 Qc7+ 45. g3 Qc2+ 46. Kg1 Qc1+ 47.
Kg2 Qc2+ 48. Qf2 Qc6+ 49. Qf3 Qc2+ 50. Qf2 Qc6+ 51. Kh2 Qb5 52. Qd2+ Kg7 53. h4
h5 54. Qd4+ Kf7 55. Qa7+ Kg8 56. Qa8+ Kf7 57. Qa7+ Kg8 58. Qa8+ Kf7 59. Qa7+ Kg8
60. Qa8+ {Game drawn by repetition} 1/2-1/2

[Event "Team 45 45 League T52"]
[Site "Internet Chess Club"]
[Date "2012.02.26"]
[Round "2"]
[White "JWB"]
[Black "rahulr"]
[Result "1-0"]
[WhiteElo "1719"]
[BlackElo "1615"]
[Opening "English: Mikenas-Carls variation"]
[ECO "A18"]
[Time "16:00:39"]
[TimeControl "2700+45"]

1. c4 Nf6 2. Nc3 e6 3. e4 d6 4. d4 g6 5. Be3 Bg7 6. f3 O-O 7. Qd2 Nc6 8. g4 h5
9. h3 e5 10. Nge2 exd4 11. Nxd4 Ne5 12. Be2 Re8 13. O-O-O Bd7 14. g5 Nh7 15. h4
Nf8 16. Nd5 Ne6 17. Kb1 Nxd4 18. Bxd4 c6 19. Nf6+ Bxf6 20. gxf6 Qxf6 21. f4 Nxc4
22. Bxc4 Qe7 23. Bd3 c5 24. Bc3 Bg4 25. Rdf1 Rad8 26. f5 d5 27. fxg6 fxg6 28.
Bf6 {Black resigns} 1-0

[Event "Team 45 45 League T52"]
[Site "Internet Chess Club"]
[Date "2012.02.24"]
[Round "2"]
[White "Timotheous"]
[Black "Frankly"]
[Result "0-1"]
[WhiteElo "1645"]
[BlackElo "1766"]
[Opening "Réti: advance variation"]
[ECO "A09"]
[Time "15:00:39"]
[TimeControl "2700+45"]

1. Nf3 d5 2. c4 d4 3. b4 Nf6 4. g3 Nbd7 5. a3 e5 6. d3 Be7 7. Bg2 O-O 8. O-O a6
9. Qc2 Re8 10. e3 c5 11. bxc5 Bxc5 12. exd4 exd4 13. Bb2 Ne5 14. Nbd2 Qb6 15.
Nb3 Nxf3+ 16. Bxf3 Bd7 17. Bxb7 Ra7 18. Nxc5 Qxc5 19. Bg2 Bg4 20. f3 Bh5 21. a4
Bg6 22. Rfd1 Re3 23. Bc1 Re8 24. Ba3 Qc8 25. Bb2 Qc5 26. Ba3 Qc8 27. Qf2 Re3 28.
Bf1 Qf5 29. Kg2 Bh5 30. Be2 Qe6 31. Re1 Bg6 32. Bc1 Re5 33. Bf4 Re3 34. Bxe3
dxe3 35. Qg1 Re7 36. Rab1 h5 37. Rb8+ Kh7 38. Reb1 Qc6 39. a5 Qa4 40. Ra1 Qc2
41. Qd1 Qc3 42. Rb6 Nd7 43. Rxa6 Nc5 44. Rd6 Qe5 45. Rd5 Qc7 46. a6 Qb6 47. a7
Rxa7 48. Rxa7 Qxa7 49. Qc1 Nb3 50. Qb2 Nd2 51. Qd4 Qa3 52. Re5 Qa2 53. Qxe3 Nb1
54. c5 Nc3 55. c6 Nd5 56. Qf2 h4 57. g4 Nf4+ 58. Kf1 Qa1+ 59. Qe1 Qxe5 60. Qd2
Qc7 61. d4 Nxe2 62. Qxe2 Qxc6 63. h3 Qc1+ 64. Kg2 Qf4 65. Qf2 Kg8 66. d5 Qe5 67.
Qxh4 Qxd5 68. Qf2 Kf8 69. Qb2 Qd6 70. Qa1 Qd2+ 71. Kg3 Qe3 72. Qa8+ Qe8 73.
Qxe8+ Kxe8 74. g5 Ke7 75. h4 Ke6 76. Kf4 Bh5 77. Ke4 g6 78. Kf4 Kd5 79. Ke3 Ke5
80. f4+ Kf5 {White resigns} 0-1

[Event "Team 45 45 League T52"]
[Site "Internet Chess Club"]
[Date "2012.02.26"]
[Round "2"]
[White "philosopherking"]
[Black "ikatankayangan"]
[Result "1/2-1/2"]
[WhiteElo "1516"]
[BlackElo "1583"]
[Opening "Queen's pawn"]
[ECO "A40"]
[Time "19:02:08"]
[TimeControl "2700+45"]

1. d4 c6 2. c4 Nf6 3. Nc3 e6 4. Bg5 Be7 5. e3 O-O 6. Nf3 d5 7. Be2 Nbd7 8. O-O
dxc4 9. Bxc4 Nb6 10. Bd3 Nbd5 11. a3 Nxc3 12. bxc3 h6 13. Bh4 Re8 14. e4 Nd7 15.
Bxe7 Qxe7 16. e5 c5 17. Be4 cxd4 18. cxd4 Nb6 19. Qd3 Rd8 20. Rfc1 Nd5 21. Rc2
b6 22. Bxd5 Rxd5 23. Rac1 Bb7 24. Rc7 Rd7 25. Rxd7 Qxd7 26. Nh4 Rd8 27. Rd1 Qa4
28. f4 Ba6 29. Qd2 Qxa3 30. f5 exf5 31. Nxf5 Bc8 32. Nxh6+ gxh6 33. Qxh6 Qe7 34.
Rd3 Bf5 35. Rg3+ Bg6 36. Rxg6+ fxg6 37. Qxg6+ Kf8 38. Qh6+ Ke8 39. Qc6+ Qd7 40.
Qg6+ Qf7 41. Qc6+ Qd7 42. Qg6+ Qf7 {Game drawn by mutual agreement} 1/2-1/2

[Event "Team 45 45 League T52"]
[Site "Internet Chess Club"]
[Date "2012.02.24"]
[Round "2"]
[White "JohLeb"]
[Black "rayngrant"]
[Result "0-1"]
[WhiteElo "1391"]
[BlackElo "1566"]
[Opening "Grünfeld: Spassky variation, main line, 10...cd, 11.cd"]
[ECO "D88"]
[Time "20:00:38"]
[TimeControl "2700+45"]

1. d4 Nf6 2. c4 g6 3. Nc3 d5 4. cxd5 Nxd5 5. e4 Nxc3 6. bxc3 Bg7 7. Bc4 c5 8.
Ne2 Nc6 9. Be3 cxd4 10. cxd4 O-O 11. O-O Qa5 12. Bd2 Qh5 13. Ng3 Qxd1 14. Raxd1
Nxd4 15. Be3 Nc6 16. Bc5 Re8 17. Bb5 a6 18. Ba4 Be6 19. a3 b5 20. Bc2 Rad8 21.
Bb6 Rc8 22. f4 Bg4 23. Rd3 Ne5 24. Rd2 Nc4 25. Rd3 Nxb6 26. Bb3 Red8 27. Rxd8+
Rxd8 28. h3 Be6 29. Bxe6 fxe6 30. e5 Rd3 31. Ne4 Rxa3 32. Ng5 b4 33. Rd1 Nd5 34.
Nxe6 Ra5 35. g3 h6 36. Rc1 Kf7 37. Nd8+ Ke8 38. Ne6 Kf7 39. Nd8+ Kg8 40. Rc8 Kh7
41. Nb7 Rb5 42. Nc5 b3 {White resigns} 0-1

[Event "Team 45 45 League T52"]
[Site "Internet Chess Club"]
[Date "2012.02.25"]
[Round "2"]
[White "Invicta-Knight"]
[Black "Bible-Believer"]
[Result "0-1"]
[WhiteElo "1496"]
[BlackElo "1545"]
[Opening "Sicilian: closed"]
[ECO "B23"]
[Time "14:09:35"]
[TimeControl "2700+45"]

1. e4 c5 2. Nc3 e6 3. f4 d5 4. exd5 exd5 5. Qe2+ Be7 6. Nf3 Nc6 7. b3 Nf6 8. Bb2
Bg4 9. O-O-O Qd7 10. h3 Nd4 11. Qf2 Bxf3 12. gxf3 Qf5 13. Rg1 Qxc2# {White
checkmated} 0-1

[Event "Team 45 45 League T52"]
[Site "Internet Chess Club"]
[Date "2012.02.27"]
[Round "2"]
[White "OGO"]
[Black "BrerRabbit"]
[Result "1-0"]
[WhiteElo "1530"]
[BlackElo "1477"]
[Opening "Pirc defense"]
[ECO "B07"]
[Time "14:03:03"]
[TimeControl "2700+45"]

1. e4 d6 2. d4 Nf6 3. Bd3 e5 4. Ne2 g6 5. c4 Bg7 6. Be3 Ng4 7. Qd2 Nxe3 8. Qxe3
O-O 9. Nbc3 Nd7 10. O-O-O exd4 11. Nxd4 Ne5 12. Be2 Bd7 13. Kb1 a6 14. f4 Ng4
15. Bxg4 Bxg4 16. Rd2 Bh6 17. h3 Bd7 18. Qf3 Re8 19. g4 c5 20. Nde2 Bc6 21. Nd5
Bg7 22. h4 b5 23. Qd3 bxc4 24. Qxc4 Qa5 25. Qc2 Rab8 26. Qc1 Rxe4 27. Nec3 Rd4
28. Ne7+ Kf8 29. Nxc6 Qb6 30. Nxb8 Qxb8 31. Rxd4 {Black resigns} 1-0

[Event "Team 45 45 League T52"]
[Site "Internet Chess Club"]
[Date "2012.02.26"]
[Round "2"]
[White "PsyMar"]
[Black "mrmarck"]
[Result "0-1"]
[WhiteElo "1296"]
[BlackElo "1316"]
[Opening "Scotch game"]
[ECO "C45"]
[Time "12:00:29"]
[TimeControl "2700+45"]

1. e4 e5 2. Nf3 Nc6 3. d4 exd4 4. Nxd4 Nxd4 5. Qxd4 d6 6. Bc4 Nf6 7. O-O Be7 8.
Be3 O-O 9. Nc3 b6 10. Bd5 Rb8 11. Rad1 Bd7 12. e5 Nxd5 13. Nxd5 c5 14. Nxe7+
Qxe7 15. Qxd6 Qxd6 16. exd6 Rfe8 17. Rfe1 Rbc8 18. Rd2 Re6 19. Kf1 f6 20. Bf4
Rce8 21. Rxe6 Rxe6 22. a3 Kf7 23. c4 Re4 24. Re2 Re6 25. b4 cxb4 26. axb4 a5 27.
bxa5 bxa5 28. c5 Bb5 29. Bd2 a4 30. d7 Ke7 31. c6 Bxe2+ 32. Kg1 Rxc6 {White
resigns} 0-1

[Event "Team 45 45 League T52"]
[Site "Internet Chess Club"]
[Date "2012.02.25"]
[Round "2"]
[White "PT105"]
[Black "Skylab"]
[Result "1-0"]
[WhiteElo "1249"]
[BlackElo "1324"]
[Opening "Scandinavian (center counter) defense"]
[ECO "B01"]
[Time "15:00:36"]
[TimeControl "2700+45"]

1. e4 d5 2. exd5 Qxd5 3. Nc3 Qa5 4. Bc4 Nf6 5. d3 Bg4 6. Nf3 e6 7. Bd2 c6 8. Nd5
Qd8 9. Nxf6+ Qxf6 10. Bc3 Bxf3 11. Qxf3 Qxf3 12. gxf3 Nd7 13. O-O-O O-O-O 14.
Rhg1 f6 15. Bxe6 Kb8 16. Rde1 Nc5 17. Bf7 Na4 18. Bd2 Nb6 19. Bf4+ Ka8 20. Re8
Rxe8 21. Bxe8 Bc5 22. Bf7 Bxf2 23. Rg2 Bc5 24. Rxg7 Nd5 25. Bh6 Be3+ 26. Bxe3
Nxe3 27. Bg8 h6 28. Bh7 Nd5 29. Rg8+ Rxg8 30. Bxg8 Ne3 31. b3 Nf1 32. h3 Nh2 33.
f4 Nf3 34. Kd1 Ng1 35. h4 Nh3 36. f5 Nf4 37. Bh7 Ng2 38. h5 Nf4 39. Bg6 Kb8 40.
Ke1 Kc7 41. Kf2 Kd6 42. Kf3 Ke5 43. d4+ Kxd4 44. Kxf4 Kc3 45. Ke4 Kxc2 46. Bf7
Kb2 47. b4 Kc3 48. a3 b5 49. Be8 Kb3 50. Bxc6 Kxa3 51. Bxb5 Kxb4 52. Ba6 Kc5 53.
Be2 a5 54. Bd1 Kd6 55. Kd4 Kc6 56. Ba4+ Kd6 57. Bb5 Kc7 58. Kd5 Kb6 59. Ba4 Kc7
60. Ke6 Kb6 61. Kxf6 {Black resigns} 1-0

[Event "Team 45 45 League T52"]
[Site "Internet Chess Club"]
[Date "2012.02.25"]
[Round "2"]
[White "mongmong"]
[Black "lw"]
[Result "1-0"]
[WhiteElo "1600"]
[BlackElo "1498"]
[Opening "Queen's pawn game"]
[ECO "D02"]
[Time "18:17:30"]
[TimeControl "2700+45"]

1. d4 d5 2. Nf3 g6 3. c4 Bg7 4. e3 Nf6 5. b4 c6 6. Bb2 Bg4 7. Nbd2 O-O 8. Be2 a5
9. b5 cxb5 10. cxb5 Qd7 11. a4 Ne4 12. O-O Nxd2 13. Qxd2 Bxf3 14. Bxf3 Qd6 15.
Ba3 Qe6 16. Rac1 Nd7 17. Rc2 Nb6 18. Be2 Nxa4 19. Rc7 Rfe8 20. Rxb7 Rab8 21.
Rxb8 Rxb8 22. Qxa5 Nb6 23. Qb4 Bf8 24. Rc1 Rc8 25. Qb2 Nc4 26. Bxc4 Rxc4 27.
Rxc4 dxc4 28. b6 Qc8 29. Bc5 e6 30. Bxf8 Kxf8 31. g3 c3 32. Qc2 Qc6 33. b7 Qxb7
34. Qxc3 Qb1+ 35. Kg2 Qe4+ 36. f3 Qa8 37. Qb2 Qd8 38. Qb4+ Qe7 39. Qxe7+ Kxe7
40. Kf2 Kd6 41. Ke2 e5 42. Kd3 f5 43. h4 exd4 44. Kxd4 Ke6 45. Kc5 Ke5 46. Kc4
Ke6 47. Kd4 Kd6 48. e4 Ke6 49. e5 h6 50. f4 h5 51. Kc5 Ke7 52. Kd5 {Black
resigns} 1-0

[Event "Team 45 45 League T52"]
[Site "Internet Chess Club"]
[Date "2012.02.26"]
[Round "2"]
[White "rcddonovan"]
[Black "oldsj"]
[Result "1-0"]
[WhiteElo "1389"]
[BlackElo "1493"]
[Opening "Ruy Lopez: open, St. Petersburg variation"]
[ECO "C82"]
[Time "09:01:49"]
[TimeControl "2700+45"]

1. e4 e5 2. Nf3 Nc6 3. Bb5 a6 4. Ba4 Nf6 5. O-O Nxe4 6. d4 b5 7. Bb3 d5 8. dxe5
Be6 9. c3 Bc5 10. Nbd2 Nxd2 11. Qxd2 O-O 12. Bc2 Ne7 13. b4 Bb6 14. Ng5 Bf5 15.
Bxf5 Nxf5 16. Qd3 g6 17. Re1 Qe7 18. Qxd5 Rad8 19. Qe4 f6 20. exf6 Qxf6 21. Nf3
Qf7 22. Bg5 Rde8 23. Qc2 Qd5 24. Rad1 Rxe1+ 25. Rxe1 Qd6 26. Qb3+ Kh8 27. Rd1
Qc6 28. Ne5 Bxf2+ 29. Kh1 Qb6 30. Nf7+ Kg7 31. Rd7 Be3 32. Nh6+ Kh8 33. Qf7 Rxf7
34. Rd8+ Kg7 35. Rg8# {Black checkmated} 1-0

[Event "Team 45 45 League T52"]
[Site "Internet Chess Club"]
[Date "2012.02.27"]
[Round "2"]
[White "Aquaman"]
[Black "Fogbound"]
[Result "1-0"]
[WhiteElo "1216"]
[BlackElo "1289"]
[Opening "Réti: King's Indian attack (Barcza system)"]
[ECO "A07"]
[Time "14:00:29"]
[TimeControl "2700+45"]

1. Nf3 d5 2. g3 Nc6 3. Bg2 e5 4. d3 Nf6 5. Nbd2 Bc5 6. O-O Bg4 7. h3 Bh5 8. c3
O-O 9. b4 Bd6 10. Qc2 Bg6 11. Nh4 Ne7 12. Nxg6 fxg6 13. e4 c6 14. a3 h6 15. Re1
Nh5 16. Nf3 Qd7 17. exd5 Rae8 18. Bb2 cxd5 19. Nxe5 Qc7 20. d4 Kh7 21. Bf1 Bxe5
22. Rxe5 Nf5 23. Rae1 Qf7 24. Rxe8 Rxe8 25. Rxe8 Qxe8 26. g4 Nf4 27. gxf5 Qd8
28. fxg6+ Nxg6 29. Bd3 Qg5+ 30. Kh2 Qf4+ 31. Kg2 Qg5+ 32. Kf1 Qh4 33. Bxg6+ Kh8
34. Qf5 Qd8 35. Bf7 Qc7 36. Qxd5 Qc8 37. Be6 Qc7 38. Qe5 Qd8 39. c4 a6 40. d5
Qf8 41. Qh5 Qf4 42. Qg4 Qg5 43. Qxg5 hxg5 44. d6 {Black resigns} 1-0

[Event "Team 45 45 League T52"]
[Site "Internet Chess Club"]
[Date "2012.02.23"]
[Round "2"]
[White "barbak"]
[Black "RedAttack"]
[Result "1-0"]
[WhiteElo "1920"]
[BlackElo "1905"]
[Opening "Caro-Kann: Panov-Botvinnik attack"]
[ECO "B13"]
[Time "15:00:37"]
[TimeControl "2700+45"]

1. e4 c6 2. d4 d5 3. exd5 cxd5 4. c4 Nc6 5. cxd5 Qxd5 6. Nf3 Bg4 7. Be2 O-O-O 8.
Nc3 Qf5 9. Be3 e5 10. d5 Nb4 11. Rc1 Kb8 12. O-O Nf6 13. h3 Bxf3 14. Bxf3 e4 15.
Qd4 b6 16. Nxe4 Nxe4 17. Bxe4 Qd7 18. a3 Na6 19. d6 Bxd6 20. Rfd1 Nc7 21. Rc6
Qe6 22. Kh1 Be7 23. Rxe6 Rxd4 24. Rxd4 Nxe6 25. Rd7 Re8 26. Rb7+ Kc8 27. Rxa7
Bc5 28. Bxc5 Nxc5 29. Ra8+ Kd7 30. Bc6+ Kxc6 31. Rxe8 Nd3 32. Re2 Kd5 33. b3 Nc1
34. Re3 f5 35. g3 g5 36. f4 gxf4 37. gxf4 Kd4 38. Rf3 Ke4 39. Kg2 Nd3 40. Kg3
Ne1 41. Rc3 Nd3 42. b4 Kd4 43. Rc7 Ke4 44. Rxh7 Nb2 45. Ra7 {Black resigns} 1-0

[Event "Team 45 45 League T52"]
[Site "Internet Chess Club"]
[Date "2012.02.26"]
[Round "2"]
[White "Reeza"]
[Black "tsia68"]
[Result "1/2-1/2"]
[WhiteElo "1757"]
[BlackElo "1752"]
[Opening "French: Albin-Alekhine-Châtard attack, Breyer variation"]
[ECO "C13"]
[Time "14:00:40"]
[TimeControl "2700+45"]

1. e4 e6 2. d4 d5 3. Nc3 Nf6 4. Bg5 Be7 5. e5 Nfd7 6. h4 c5 7. Nb5 f6 8. exf6
Nxf6 9. Bf4 Na6 10. Nf3 O-O 11. c3 Ne4 12. g3 c4 13. a4 Bd7 14. Ng5 Nxg5 15.
hxg5 Bxg5 16. Qh5 h6 17. Bxg5 Qxg5 18. Qxg5 hxg5 19. Rh5 Bxb5 20. axb5 Nc7 21.
Rxg5 Nxb5 22. Bxc4 Nxd4 23. cxd4 dxc4 24. Rc5 a6 25. Rxc4 Rac8 26. Rxc8 Rxc8 27.
Kd2 Kf7 28. Re1 Kf6 29. g4 Rd8 30. Kd3 Rd5 31. f4 g5 32. fxg5+ Rxg5 33. Rf1+ Ke7
34. Rg1 Kf6 35. Rf1+ Ke7 36. Rg1 Kf6 {Game drawn by mutual agreement} 1/2-1/2

[Event "Team 45 45 League T52"]
[Site "Internet Chess Club"]
[Date "2012.02.27"]
[Round "2"]
[White "room-matt"]
[Black "frank001"]
[Result "1-0"]
[WhiteElo "1800"]
[BlackElo "1706"]
[Opening "Sicilian: Najdorf, 7.f4"]
[ECO "B96"]
[Time "04:04:40"]
[TimeControl "2700+45"]

1. e4 c5 2. Nf3 d6 3. d4 cxd4 4. Nxd4 Nf6 5. Nc3 a6 6. Bg5 e6 7. f4 h6 8. Bh4
Be7 9. Qf3 Nbd7 10. O-O-O Qc7 11. g4 b5 12. a3 Bb7 13. g5 hxg5 14. Bxg5 O-O-O
15. Bg2 Kb8 16. h4 Rc8 17. Qe2 Nb6 18. Rd3 Nc4 19. Kb1 Rhe8 20. Rhd1 Qb6 21. Nb3
b4 22. axb4 Qxb4 23. Ka2 a5 24. Rd4 Ba6 25. e5 dxe5 26. fxe5 Ng8 27. Qe4 Bb7 28.
Qxb7+ Qxb7 29. Bxb7 a4 30. Bxc8 axb3+ 31. Kxb3 Bxg5 32. Rxc4 Bxh4 33. Rd7 Rxc8
34. Rxc8+ Kxc8 35. Rxf7 Nh6 36. Rxg7 Nf5 37. Rg4 Bf2 38. Rg8+ Kb7 39. Rf8 Bd4
40. Ne4 Bxe5 41. Nc5+ Kc6 42. Nxe6 Nd6 43. c3 Kd5 44. Nc7+ Kc6 45. Ne8 Ne4 46.
Kc4 Nd2+ 47. Kb4 Kd7 48. Rf5 Ke6 49. Rf2 Ne4 50. Re2 Ng3 51. Re1 Kd5 52. b3 Nf5
53. c4+ Kd4 54. Rd1+ Ke4 55. c5 Nd4 56. Kc4 {Black resigns} 1-0

[Event "Team 45 45 League T52"]
[Site "Internet Chess Club"]
[Date "2012.02.26"]
[Round "2"]
[White "GrandUnified"]
[Black "Duguesclin"]
[Result "0-1"]
[WhiteElo "1629"]
[BlackElo "1592"]
[Opening "Queen's pawn game"]
[ECO "D02"]
[Time "10:30:12"]
[TimeControl "2700+45"]

1. Nf3 d5 2. d4 Bg4 3. e3 Nf6 4. c4 e6 5. Nc3 Bb4 6. Qa4+ Nc6 7. Ne5 Bxc3+ 8.
bxc3 O-O 9. Nxg4 Nxg4 10. h3 Nf6 11. cxd5 exd5 12. Bd3 Re8 13. O-O Ne4 14. c4
Ne7 15. Qc2 f5 16. cxd5 Nxd5 17. Rb1 Nb6 18. Ba3 Kh8 19. Bxe4 fxe4 20. Rfc1 c6
21. Bc5 Rb8 22. a4 Nc8 23. Qb2 b6 24. Ba3 Re6 25. Rc2 Rg6 26. Rbc1 Qd7 27. g4 h5
28. Qb4 hxg4 29. Rxc6 Rxc6 30. Qf8+ Kh7 31. Rxc6 Qxc6 32. Qf5+ Qg6 33. hxg4 Qxf5
34. gxf5 b5 35. axb5 Rxb5 36. Bc5 a5 37. Kg2 Nb6 38. f3 exf3+ 39. Kxf3 Nd5 40.
e4 Rb3+ 41. Kg4 Nf6+ 42. Kf4 Kg8 43. e5 Nd7 44. Bd6 a4 45. e6 Nf6 46. Be5 a3 47.
Kg5 Nd5 48. f6 gxf6+ 49. Bxf6 a2 50. e7 Nxe7 51. Bxe7 a1=Q 52. d5 Qe5+ {White
resigns} 0-1

[Event "Team 45 45 League T52"]
[Site "Internet Chess Club"]
[Date "2012.02.25"]
[Round "2"]
[White "Rodin7"]
[Black "JustinL"]
[Result "1/2-1/2"]
[WhiteElo "1956"]
[BlackElo "1828"]
[Opening "Réti opening"]
[ECO "A04"]
[Time "11:00:40"]
[TimeControl "2700+45"]

1. Nf3 g6 2. d4 Bg7 3. Bf4 Nf6 4. h3 h5 5. e3 b6 6. Bd3 Bb7 7. Nbd2 c5 8. c3 Ba6
9. Qc2 Bxd3 10. Qxd3 d6 11. O-O O-O 12. Rad1 Nbd7 13. Ne4 Nxe4 14. Qxe4 Nf6 15.
Qc2 Qd7 16. Rfe1 Rac8 17. Qb3 c4 18. Qc2 Nd5 19. Bg3 e6 20. e4 Ne7 21. e5 d5 22.
Bf4 b5 23. a3 Nf5 {Game drawn by mutual agreement} 1/2-1/2

[Event "Team 45 45 League T52"]
[Site "Internet Chess Club"]
[Date "2012.02.26"]
[Round "2"]
[White "matein7"]
[Black "BuddyT"]
[Result "1-0"]
[WhiteElo "1782"]
[BlackElo "1791"]
[Opening "Sicilian: Marshall variation"]
[ECO "B41"]
[Time "20:00:52"]
[TimeControl "2700+45"]

1. d4 e6 2. Nf3 c5 3. e4 d5 4. exd5 Qxd5 5. Nc3 Qd8 6. Bf4 Nf6 7. Bc4 a6 8. a4
cxd4 9. Nxd4 Bb4 10. O-O Bxc3 11. bxc3 Nd5 12. Be5 f6 13. Bg3 Nxc3 14. Qh5+ g6
15. Qc5 Ne4 16. Qb4 Nxg3 17. hxg3 Qe7 18. Qb3 Nc6 19. Nxc6 bxc6 20. Rfe1 e5 21.
Rad1 Bf5 22. Qb6 Kf8 23. Qxc6 Kg7 24. Bxa6 Rhd8 25. c4 Qb4 26. Bb5 Rac8 27. Qb7+
Kh6 28. Qb6 Rxd1 29. Rxd1 Qb3 30. Qd6 Qc2 31. a5 Be6 32. Qd2+ Qxd2 33. Rxd2 Bxc4
34. Rc2 Rc5 35. Bxc4 Rxa5 36. Bg8 Ra8 37. Bd5 Rd8 38. Be4 Rd4 39. f3 f5 40. Bb7
e4 41. Kf2 Kg5 42. f4+ Kh6 43. Ba6 g5 44. Rc6+ Kh5 45. Be2+ g4 46. Bc4 Rd7 47.
Rf6 Rd2+ 48. Ke1 Rd7 49. Bf7+ Rxf7 50. Rxf7 Kg6 51. Rb7 h6 52. Ke2 Kh5 53. Ke3
Kg6 54. Rb5 {Black resigns} 1-0

[Event "Team 45 45 League T52"]
[Site "Internet Chess Club"]
[Date "2012.02.26"]
[Round "2"]
[White "Terlizzi"]
[Black "Packerfan"]
[Result "0-1"]
[WhiteElo "1696"]
[BlackElo "1876"]
[Opening "Scotch: Mieses variation"]
[ECO "C45"]
[Time "15:00:23"]
[TimeControl "2700+45"]

1. e4 e5 2. Nf3 Nc6 3. d4 exd4 4. Nxd4 Nf6 5. Nxc6 bxc6 6. e5 Nd5 7. c4 Nb6 8.
Be3 Bb4+ 9. Nc3 O-O 10. a3 Bxc3+ 11. bxc3 Re8 12. f4 d6 13. c5 Nd5 14. Bd2 dxe5
15. Be2 Nxf4 16. O-O Nxe2+ 17. Qxe2 Qe7 18. Be3 a5 19. Qf3 Qe6 20. Qe4 Ba6 21.
Rf3 Bc4 22. Rh3 f5 23. Qh4 h6 24. Re1 Bd5 25. Qf2 Qf6 26. Qc2 f4 27. Bf2 Re7 28.
c4 Be6 29. Rh5 Bg4 30. Rh4 Bf5 31. Qe2 Rae8 32. Rh5 g5 33. g4 Bd7 34. h4 e4 35.
hxg5 hxg5 36. Qd1 e3 37. Bh4 gxh4 38. g5 Qf5 39. Rxh4 {White resigns} 0-1

[Event "Team 45 45 League T52"]
[Site "Internet Chess Club"]
[Date "2012.02.27"]
[Round "2"]
[White "SATELLITE-DAN"]
[Black "wrimle"]
[Result "0-1"]
[WhiteElo "1413"]
[BlackElo "1641"]
[Opening "Alekhine's defense"]
[ECO "B02"]
[Time "14:04:08"]
[TimeControl "2700+45"]

1. e4 Nf6 2. e5 Nd5 3. c4 Nb6 4. d4 d6 5. Nf3 Bg4 6. Be2 Nc6 7. b3 dxe5 8. d5
Bxf3 9. Bxf3 Nd4 10. O-O Nxf3+ 11. Qxf3 g6 12. Re1 Qd6 13. Nc3 f6 14. Be3 Qd7
15. Ne4 Qf5 16. Qxf5 gxf5 17. Nc5 f4 18. Bd2 O-O-O 19. a4 h5 20. a5 Nd7 21. Ne6
Re8 22. c5 Bh6 23. c6 bxc6 24. dxc6 Nb8 25. b4 Reg8 26. f3 h4 27. h3 Rg3 28. Re2
Rhg8 29. Kh2 Nxc6 30. Rc1 Nd4 31. Nxd4 exd4 32. Be1 R3g6 33. b5 e5 34. b6 axb6
35. axb6 Kb7 36. Rb2 cxb6 37. Rcb1 f5 38. Ba5 Kc8 39. Bxb6 Kd7 40. Ba5 Ra8 41.
Rb7+ Ke8 42. Rh7 Bg7 43. Be1 Kf8 44. Bxh4 Rh6 45. Rxh6 Bxh6 46. Rb6 Bg7 47. Rd6
Kf7 48. Rd7+ Kg6 49. Kg1 e4 50. fxe4 fxe4 51. Rd6+ Kh5 52. Be1 d3 53. Rd5+ Kg6
54. Rd6+ Kf7 55. Rd7+ Kg8 56. Bd2 Ra1+ 57. Kh2 e3 58. Rxd3 exd2 59. Rxd2 Be5 60.
Rf2 Re1 61. Rf3 Re3 62. Rxe3 fxe3+ 63. Kg1 Bd4 64. Kf1 Kf7 65. g3 Ke6 66. Ke2
Kd5 67. Kd3 Ke5 68. h4 Kf5 69. h5 Kg4 {White resigns} 0-1

[Event "Team 45 45 League T52"]
[Site "Internet Chess Club"]
[Date "2012.02.25"]
[Round "2"]
[White "SlimeDog2"]
[Black "ben622"]
[Result "0-1"]
[WhiteElo "2063"]
[BlackElo "2031"]
[Opening "Neo-Grünfeld, 6.cd Nxd5, 7.O-O"]
[ECO "D74"]
[Time "14:09:39"]
[TimeControl "2700+45"]

1. d4 Nf6 2. c4 g6 3. Nf3 Bg7 4. g3 d5 5. cxd5 Nxd5 6. Bg2 O-O 7. O-O Nc6 8. e4
Nb6 9. d5 Na5 10. Nc3 c6 11. Bf4 Nac4 12. Qe2 cxd5 13. exd5 Nxb2 14. Qxb2 Na4
15. Nxa4 Bxb2 16. Nxb2 Qxd5 17. Rfe1 Qb5 18. Nd1 Rd8 19. Nc3 Qa5 20. Rac1 Be6
21. Ng5 Rac8 22. Nxe6 fxe6 23. Be5 Rd3 24. Bxb7 Rcxc3 25. Bxc3 Rxc3 26. Rxc3
Qxc3 27. Rxe6 Kf8 28. Bd5 Qd4 29. Bb3 a5 30. Re3 e5 31. Kg2 a4 32. Be6 Qd6 33.
Bb3 axb3 34. axb3 Qd5+ 35. Kg1 Kf7 36. h3 Kf6 37. Kh2 g5 38. g4 h6 39. Kg1 Ke6
40. Rg3 e4 41. Re3 Ke5 42. Kf1 Kf4 43. Ke2 Qd4 44. Rg3 Qb2+ 45. Ke1 Qc1+ 46. Ke2
Qc2+ 47. Ke1 Ke5 48. Re3 Kd4 49. Rg3 Kc5 50. Re3 Kb4 51. Kf1 Qc1+ 52. Kg2 Qxe3
53. fxe3 Kxb3 {White resigns} 0-1

[Event "Team 45 45 League T52"]
[Site "Internet Chess Club"]
[Date "2012.02.26"]
[Round "2"]
[White "cesaralexander"]
[Black "katikus"]
[Result "0-1"]
[WhiteElo "1837"]
[BlackElo "1829"]
[Opening "QGD semi-Slav: Meran, Wade variation"]
[ECO "D47"]
[Time "09:29:00"]
[TimeControl "2700+45"]

1. d4 d5 2. c4 c6 3. Nf3 Nf6 4. Nc3 e6 5. e3 Nbd7 6. Bd3 dxc4 7. Bxc4 b5 8. Bd3
Bb7 9. Qc2 Bd6 10. Ne4 Nxe4 11. Bxe4 Qc7 12. h3 Nf6 13. Bd3 a6 14. e4 Nd7 15. e5
Bb4+ 16. Bd2 Bxd2+ 17. Nxd2 c5 18. Be4 Bxe4 19. Nxe4 Qa5+ 20. Qc3 Qxc3+ 21. bxc3
Ke7 22. Kd2 cxd4 23. cxd4 Rhd8 24. f4 Nb6 25. Ke3 Nc4+ 26. Kd3 Rac8 27. Nc5 Rxc5
{White resigns} 0-1